AAA
WILKES-BARRE BARONS @ LOUISVILLE BATS
08/12/2052
 
TOP OF THE 1ST
Wilkes-Barre Barons batting - Pitching for Scranton Dundies : RHP Greg Webb
Pitching: RHP Greg Webb
Batting: SHB Zachary Tomczak 0-0: Called Strike
0-1: Swinging Strike
0-2: Ball
1-2: Strikes out swinging
Batting: RHB Leo Vela 0-0: Called Strike
0-1: Ball
1-1: Foul Ball, location: 2F
1-2: Foul Ball, location: 2F
1-2: Strikes out looking
Batting: LHB Jose Munoz 0-0: Ball
1-0: Foul Ball, location: 2F
1-1: Ground out 4-3 (Groundball, 4, EV 101.9 MPH)
Top of the 1st over - 0 runs, 0 hits, 0 errors, 0 left on base; Wilkes-Barre 0 - Scranton 0
BOTTOM OF THE 1ST
Scranton Dundies batting - Pitching for Wilkes-Barre Barons : RHP Greg Hale
Pitching: RHP Greg Hale
Batting: RHB Rodolfo Fernandez 0-0: Called Strike
0-1: Called Strike
0-2: Ball
1-2: Ball
2-2: Strikes out looking
Batting: RHB Jacob Judy 0-0: Called Strike
0-1: Ball
1-1: Ball
2-1: Ball
3-1: Base on Balls
Batting: LHB Thurston Jones 0-0: Foul Ball, location: 2F
0-1: Fly out, F6 (Line Drive, 6, EV 71.9 MPH)
Batting: RHB Manny Laguna 0-0: Called Strike
Jacob Judy steals 2nd base
0-1: Foul Ball, location: 2F
0-2: Strikes out swinging
Bottom of the 1st over - 0 runs, 0 hits, 0 errors, 1 left on base; Wilkes-Barre 0 - Scranton 0
TOP OF THE 2ND
Wilkes-Barre Barons batting - Pitching for Scranton Dundies : RHP Greg Webb
Batting: LHB Orlando Pimentel 0-0: Called Strike
0-1: Fly out, F9 (Flyball, 9LS, EV 80.6 MPH)
Batting: LHB Adrian Rockey 0-0: Called Strike
0-1: Ground out 4-3 (Groundball, 4S, EV 66.2 MPH)
Batting: RHB Francisco Cerna 0-0: Ball
1-0: Ball
2-0: Called Strike
2-1: Ground out 6-3 (Groundball, 6, EV 84.4 MPH)
Top of the 2nd over - 0 runs, 0 hits, 0 errors, 0 left on base; Wilkes-Barre 0 - Scranton 0
BOTTOM OF THE 2ND
Scranton Dundies batting - Pitching for Wilkes-Barre Barons : RHP Greg Hale
Batting: RHB Nick Williams 0-0: Swinging Strike
0-1: Ball
1-1: Called Strike
1-2: Ground out 5-3 (Groundball, 56S, EV 88.1 MPH)
Batting: LHB Mario Hawkins 0-0: Ball
1-0: Called Strike
1-1: Ball
2-1: Foul Ball, location: 2F
2-2: Ball
3-2: Fly out, F9 (Flyball, 89S, EV 86.9 MPH)
Batting: RHB Ray Steele 0-0: Ball
1-0: Called Strike
1-1: SINGLE (Groundball, 56D, EV 98.8 MPH)
Batting: RHB Chris Cockerill 0-0: Ball
1-0: Ball
2-0: Called Strike
2-1: Ground out 5-3 (Groundball, 5S, EV 91.2 MPH)
Bottom of the 2nd over - 0 runs, 1 hit, 0 errors, 1 left on base; Wilkes-Barre 0 - Scranton 0
TOP OF THE 3RD
Wilkes-Barre Barons batting - Pitching for Scranton Dundies : RHP Greg Webb
Batting: LHB Ji-hoon Jeon 0-0: SINGLE (Groundball, 34S, EV 70.0 MPH) (infield hit)
Batting: RHB Chris Hester 0-0: Ball
1-0: Ball
2-0: Ball
3-0: Called Strike
3-1: Called Strike
3-2: Strikes out swinging
Batting: LHB Nick Barnett 0-0: Ball
1-0: Ball
2-0: Foul Ball, location: 2F
2-1: Foul Ball, location: 2F
2-2: Strikes out swinging
Batting: SHB Zachary Tomczak 0-0: Ball
Ji-hoon Jeon is caught stealing 2nd base 2-6
Top of the 3rd over - 0 runs, 1 hit, 0 errors, 0 left on base; Wilkes-Barre 0 - Scranton 0
BOTTOM OF THE 3RD
Scranton Dundies batting - Pitching for Wilkes-Barre Barons : RHP Greg Hale
Batting: RHB Jaylen Wester 0-0: Ground out 5-3 (Groundball, 5S, EV 74.4 MPH)
Batting: RHB Rodolfo Fernandez 0-0: Called Strike
0-1: Ball
1-1: Swinging Strike
1-2: Strikes out swinging
Batting: RHB Jacob Judy 0-0: Called Strike
0-1: Ball
1-1: Ground out 6-3 (Groundball, 6, EV 90.0 MPH)
Bottom of the 3rd over - 0 runs, 0 hits, 0 errors, 0 left on base; Wilkes-Barre 0 - Scranton 0
TOP OF THE 4TH
Wilkes-Barre Barons batting - Pitching for Scranton Dundies : RHP Greg Webb
Batting: SHB Zachary Tomczak 0-0: Swinging Strike
0-1: Ground out 4-3 (Groundball, 4D, EV 85.6 MPH)
Batting: RHB Leo Vela 0-0: Ground out 6-3 (Groundball, 6, EV 99.4 MPH)
Batting: LHB Jose Munoz 0-0: Called Strike
0-1: Foul Ball, location: 2F
0-2: Strikes out swinging
Top of the 4th over - 0 runs, 0 hits, 0 errors, 0 left on base; Wilkes-Barre 0 - Scranton 0
BOTTOM OF THE 4TH
Scranton Dundies batting - Pitching for Wilkes-Barre Barons : RHP Greg Hale
Batting: LHB Thurston Jones 0-0: Ball
1-0: Ball
2-0: Called Strike
2-1: Foul Ball, location: 2F
2-2: Fly out, F7 (Flyball, 7LM, EV 79.4 MPH)
Batting: RHB Manny Laguna 0-0: Ball
1-0: Called Strike
1-1: Called Strike
1-2: Ball
2-2: Fly out, F8 (Flyball, 8LM, EV 94.4 MPH)
Batting: RHB Nick Williams 0-0: Ball
1-0: SOLO HOME RUN (Flyball, 9LD, EV 95.0 MPH), Distance : 350 ft
Batting: LHB Mario Hawkins 0-0: Foul Ball, location: 2F
0-1: Foul Ball, location: 2F
0-2: Strikes out swinging
Bottom of the 4th over - 1 run, 1 hit, 0 errors, 0 left on base; Wilkes-Barre 0 - Scranton 1
TOP OF THE 5TH
Wilkes-Barre Barons batting - Pitching for Scranton Dundies : RHP Greg Webb
Batting: LHB Orlando Pimentel 0-0: Called Strike
0-1: Swinging Strike
0-2: Ground out 1-3 (Groundball, 13, EV 69.4 MPH)
Batting: LHB Adrian Rockey 0-0: Foul Ball, location: 2F
0-1: Ball
1-1: Ground out U3 (Groundball, 34, EV 88.1 MPH)
Batting: RHB Francisco Cerna 0-0: Foul Ball, location: 2F
0-1: Ball
1-1: Ball
2-1: Foul Ball, location: 2F
2-2: Ball
3-2: Base on Balls
Batting: LHB Ji-hoon Jeon 0-0: Swinging Strike
0-1: Called Strike
0-2: Ball
1-2: Foul Ball, location: 2F
1-2: Ball
2-2: Foul Ball, location: 2F
2-2: Strikes out looking
Top of the 5th over - 0 runs, 0 hits, 0 errors, 1 left on base; Wilkes-Barre 0 - Scranton 1
BOTTOM OF THE 5TH
Scranton Dundies batting - Pitching for Wilkes-Barre Barons : RHP Greg Hale
Batting: RHB Ray Steele 0-0: Ball
1-0: Foul Ball, location: 2F
1-1: DOUBLE (Flyball, 89XD, EV 108.8 MPH)
Batting: RHB Chris Cockerill 0-0: Ball
1-0: Ball
2-0: Ball
3-0: Called Strike
3-1: Called Strike
3-2: Fly out, F2 (Popup, 2RF, EV 92.5 MPH)
Batting: RHB Jaylen Wester 0-0: Ball
1-0: Ball
2-0: Fly out, F9 (Line Drive, 9D, EV 91.9 MPH)
Runner from 2nd tags up, SAFE at 3rd with throw by RF
Batting: RHB Rodolfo Fernandez 0-0: Foul Ball, location: 2F
0-1: Fly out, F9 (Flyball, 89M, EV 85.0 MPH)
Bottom of the 5th over - 0 runs, 1 hit, 0 errors, 1 left on base; Wilkes-Barre 0 - Scranton 1
TOP OF THE 6TH
Wilkes-Barre Barons batting - Pitching for Scranton Dundies : RHP Greg Webb
Batting: RHB Chris Hester 0-0: Ball
1-0: Foul Ball, location: 2F
1-1: Fly out, F3 (Popup, 3F, EV 71.2 MPH)
Batting: LHB Nick Barnett 0-0: Ball
1-0: Ball
2-0: Ball
3-0: Base on Balls
Batting: SHB Zachary Tomczak 0-0: Ball
1-0: Ball
2-0: Ball
3-0: Base on Balls
Nick Barnett to second
Batting: RHB Leo Vela 0-0: Called Strike
0-1: Ball
1-1: Grounds into double play, 1-6-3 (Groundball, 13S, EV 71.2 MPH)
Top of the 6th over - 0 runs, 0 hits, 0 errors, 1 left on base; Wilkes-Barre 0 - Scranton 1
BOTTOM OF THE 6TH
Scranton Dundies batting - Pitching for Wilkes-Barre Barons : RHP Greg Hale
Batting: RHB Jacob Judy 0-0: Ball
1-0: DOUBLE (Flyball, 9LD, EV 108.1 MPH)
Batting: LHB Thurston Jones 0-0: Intentional Walk
Batting: RHB Manny Laguna 0-0: SINGLE (Line Drive, 78M, EV 105.0 MPH)
Jacob Judy to third
Thurston Jones to second
Batting: RHB Nick Williams 0-0: GRAND SLAM HOME RUN (Flyball, 78XD, EV 101.9 MPH), Distance : 401 ft
Pitching: LHP Mike Acevedo
Batting: LHB Mario Hawkins 0-0: Called Strike
0-1: Foul Ball, location: 2F
0-2: Ball
1-2: Foul Ball, location: 2F
1-2: Foul Ball, location: 2F
1-2: Fly out, F4 (Flyball, 3D, EV 89.4 MPH)
Batting: RHB Ray Steele 0-0: Called Strike
0-1: Ball
1-1: Fly out, F9 (Flyball, 89M, EV 95.6 MPH)
Batting: RHB Chris Cockerill 0-0: Called Strike
0-1: Ball
1-1: Ball
2-1: Called Strike
2-2: Fly out, F9 (Line Drive, 9D, EV 95.0 MPH)
Bottom of the 6th over - 4 runs, 3 hits, 0 errors, 0 left on base; Wilkes-Barre 0 - Scranton 5
TOP OF THE 7TH
Wilkes-Barre Barons batting - Pitching for Scranton Dundies : RHP Greg Webb
Batting: LHB Jose Munoz 0-0: Ground out 1-3 (Groundball, 13S, EV 61.2 MPH)
Batting: LHB Orlando Pimentel 0-0: Ball
1-0: Swinging Strike
1-1: Ball
2-1: Foul Ball, location: 2F
2-2: Ball
3-2: Strikes out swinging
Batting: LHB Adrian Rockey 0-0: Called Strike
0-1: Called Strike
0-2: Ball
1-2: Strikes out swinging
Top of the 7th over - 0 runs, 0 hits, 0 errors, 0 left on base; Wilkes-Barre 0 - Scranton 5
BOTTOM OF THE 7TH
Scranton Dundies batting - Pitching for Wilkes-Barre Barons : LHP Mike Acevedo
Batting: RHB Jaylen Wester 0-0: Ball
1-0: Foul Ball, location: 2F
1-1: Reached on error, E6 (Groundball, 6, EV 81.9 MPH)
Batting: RHB Rodolfo Fernandez 0-0: Grounds into double play, 6-4-3 (Groundball, 6, EV 106.9 MPH)
Batting: RHB Jacob Judy 0-0: Called Strike
0-1: Ball
1-1: Foul Ball, location: 2F
1-2: Strikes out swinging
Bottom of the 7th over - 0 runs, 0 hits, 1 error, 0 left on base; Wilkes-Barre 0 - Scranton 5
TOP OF THE 8TH
Wilkes-Barre Barons batting - Pitching for Scranton Dundies : RHP Greg Webb
Batting: RHB Francisco Cerna 0-0: SINGLE (Line Drive, 89M, EV 88.1 MPH)
Batting: LHB Ji-hoon Jeon 0-0: Called Strike
0-1: Foul Ball, location: 2F
0-2: SINGLE (Flyball, 6MD, EV 91.2 MPH)
Francisco Cerna to second
Pinch Hitting: LHB Matt Cavazos 0-0: Called Strike
0-1: Ball
1-1: Ball
2-1: Called Strike
2-2: Grounds into double play, 6-4-3 (Groundball, 6, EV 88.1 MPH)
Francisco Cerna to third
Batting: LHB Nick Barnett 0-0: Called Strike
0-1: Called Strike
0-2: Ground out 5-3 (Groundball, 56, EV 80.0 MPH)
Top of the 8th over - 0 runs, 2 hits, 0 errors, 1 left on base; Wilkes-Barre 0 - Scranton 5
BOTTOM OF THE 8TH
Scranton Dundies batting - Pitching for Wilkes-Barre Barons : LHP Mike Acevedo
Now at 2B: Gil Albert
Now at SS: Leo Vela
Batting: LHB Thurston Jones 0-0: Ball
1-0: Called Strike
1-1: SOLO HOME RUN (Flyball, 89XD, EV 100.6 MPH), Distance : 400 ft
Batting: RHB Manny Laguna 0-0: Foul Ball, location: 2F
0-1: Fly out, F7 (Flyball, 7D, EV 95.0 MPH)
Batting: RHB Nick Williams 0-0: Called Strike
0-1: Ball
1-1: DOUBLE (Line Drive, 9LS, EV 107.5 MPH)
Batting: LHB Mario Hawkins 0-0: Swinging Strike
0-1: Ball
1-1: Foul Ball, location: 2F
1-2: Ball
2-2: Ball
3-2: Strikes out swinging
Batting: RHB Ray Steele 0-0: Called Strike
0-1: Ball
1-1: Ball
2-1: Foul Ball, location: 2F
2-2: Fly out, F3 (Popup, 3SF, EV 83.8 MPH)
Bottom of the 8th over - 1 run, 2 hits, 0 errors, 1 left on base; Wilkes-Barre 0 - Scranton 6
TOP OF THE 9TH
Wilkes-Barre Barons batting - Pitching for Scranton Dundies : RHP Greg Webb
Batting: SHB Zachary Tomczak 0-0: Ball
1-0: Foul Ball, location: 2F
1-1: Ball
2-1: Foul Ball, location: 2F
2-2: Foul Ball, location: 2F
2-2: Ball
3-2: Base on Balls
Batting: RHB Leo Vela 0-0: Called Strike
0-1: Foul Ball, location: 2F
0-2: Foul Ball, location: 2F
0-2: Ball
1-2: Ball
2-2: Fly out, F8 (Flyball, 8RM, EV 90.6 MPH)
Pitching: RHP Jalen Vielot
Batting: LHB Jose Munoz 0-0: Ball
1-0: Ball
2-0: Ball
3-0: Called Strike
3-1: SINGLE (Groundball, 4D, EV 99.4 MPH)
Zachary Tomczak to second
Batting: LHB Orlando Pimentel 0-0: Called Strike
0-1: Ball
1-1: Ball
2-1: Grounds into double play, 5-4-3 (Groundball, 56S, EV 90.0 MPH)
Top of the 9th over - 0 runs, 1 hit, 0 errors, 1 left on base; Wilkes-Barre 0 - Scranton 6
Friday, May 3rd , 2024 - OOTP Baseball 24.11 Build 85